 Dungeon Crawl Stone Soup version 0.20.1-1-g8b1a95d (webtiles) character file.

79 vineage the Slasher (level 4, -3/34 HPs)
             Began as a Demonspawn Gladiator on Aug 29, 2017.
             Slain by a gnoll
             ... wielding a +0 halberd
              (5 damage)
             ... on level 2 of the Dungeon.
             The game lasted 00:02:59 (1506 turns).

vineage the Slasher (Demonspawn Gladiator)          Turns: 1506, Time: 00:03:00

Health: -3/34      AC: 13    Str: 12 (15) XL:     4   Next: 17%
Magic:  4/4        EV:  3    Int:  7 (10) God:
Gold:   112        SH:  0    Dex: 13 (14) Spells: 3/3 levels left

rFire    . . .     SeeInvis .   a - +0 long sword
rCold    . . .     Gourm    .   (no shield)
rNeg     . . .     Faith    .   j - +0 plate armour
rPois    .         Spirit   .   c - +0 helmet
rElec    .         Reflect  .   (no cloak)
rCorr    .         Harm     .   (no gloves)
MR       .....                  (no boots)
Stlth    ..........             (no amulet)
Regen    0.2/turn               (no ring)
MPRegen  0.1/turn               (no ring)

@: lethally poisoned (-3 -> -40), hasted, very quick
A: talons 1, slimy green scales 1
a: no special abilities


You were on level 2 of the Dungeon.
You were not hungry.

You visited 1 branch of the dungeon, and saw 2 of its levels.

You collected 112 gold pieces.

Inventory:

Hand Weapons
 a - a +0 long sword (weapon)
Missiles
 d - 3 throwing nets (quivered)
Armour
 b - a +0 leather armour
 c - a +0 helmet (worn)
 i - a +0 scale mail
 j - a +0 plate armour (worn)
Scrolls
 g - a scroll of recharging
 h - a scroll of teleportation
 l - a scroll of fear {unknown}
 o - 2 scrolls of identify {unknown}
 p - a scroll of amnesia {unknown}
Potions
 k - 2 potions of haste
Comestibles
 f - a bread ration
 m - a meat ration


   Skills:
 + Level 2.5 Fighting
 + Level 3.7 Long Blades
 + Level 1.7 Throwing
 + Level 1.0 Armour
 + Level 3.1 Dodging


You had 3 spell levels left.
You didn't know any spells.

Dungeon Overview and Level Annotations

Branches:
Dungeon (2/15)

Altars:
Nemelex Xobeh


Innate Abilities, Weirdness & Mutations

You have sharp toenails.
You are partially covered in slimy green scales. (AC +2)


Message History

You feel sick.
The gnoll hits you with a spear of venom.
* * * LOW HITPOINT WARNING * * *
You are more poisoned.
The gnoll hits you but does no damage.
Things that are here:
a whip; a gnoll corpse It was a potion of degeneration.
There was something very wrong with that liquid.
You feel weakened.
You feel dopey.
You feel clumsy.
* * * LOW HITPOINT WARNING * * *
You feel very sick. The gnoll barely misses you.
You riposte.
You closely miss the gnoll. The gnoll hits you but does no damage.
It was a potion of haste.
You feel yourself speed up.
* * * LOW HITPOINT WARNING * * *
You feel very sick. The gnoll completely misses you.
The gnoll hits you from afar with a halberd.
You die...

.# #......###....#.# .#
#####..#..........#.# .#####
#........######...#.# .....#
#.................#.#
.....#######........†....#.#.#.##
.....##............)##.......#...
+######.....g.##g............####
.# ....g...)##g#####.#.........
.# ...########@# #.#......... .#
.. #####.#####.#.#.#.#... '## w
#........##.#.#.#.###. ..##
#........##.#.#....##. ..<#
#....(...##.#.###..##. ...#
#####+#.....#.###..##.
...#############.........#....##.
..............†..............###.
..###################.####.### #.


You could see 2 gnolls.

Vanquished Creatures
  2 adders (D:2)
  A gnoll (D:2)
  2 dart slugs
  2 leopard geckos
  3 giant cockroaches
  2 goblins (D:1)
  8 hobgoblins
  6 jackals
  2 ball pythons
  5 bats
  4 frilled lizards
  3 kobolds
  5 rats
45 creatures vanquished.

Vanquished Creatures (others)
  A rat (D:1)
1 creature vanquished.

Grand Total: 46 creatures vanquished

Notes
Turn   | Place    | Note
-------+----------+-------------------------------------------
     0 | D:1      | vineage the Demonspawn Gladiator began the quest for the Orb.
     0 | D:1      | Reached XP level 1. HP: 16/16 MP: 1/1
    84 | D:1      | Gained mutation: You are partially covered in slimy green scales. (AC +2) [demonic ancestry]
    84 | D:1      | Reached XP level 2. HP: 22/22 MP: 2/2
   823 | D:2      | Reached XP level 3. HP: 16/27 MP: 3/3
  1235 | D:2      | Found a sparkling altar of Nemelex Xobeh.
  1433 | D:2      | Gained mutation: You have sharp toenails. [demonic ancestry]
  1433 | D:2      | Reached XP level 4. HP: 34/34 MP: 4/4
  1503 | D:2      | Reached skill level 1 in Armour
  1506 | D:2      | Slain by a gnoll

Skill      XL: |  1  2  3  4 |
---------------+-------------+-----
Dodging        | 3 |  3.1
Long Blades    | 3 |  3.7
Armour         | 1 |  1.0
Fighting       | |  2.5
Throwing       | |  1.7

Action                   |  1- 3 |  4- 6 || total
-------------------------+-------+-------++-------
Melee: Long sword        |   140 |     8 ||   148
       Kick              |       |     3 ||     3
  Use: Scroll            |     3 |       ||     3
       Potion            |       |     2 ||     2
  Eat: Chunk             |     2 |       ||     2
Armor: Leather armour    |     5 |       ||     5
       Plate armour      |    95 |    12 ||   107
       Scale mail        |    18 |       ||    18
Dodge: Dodged            |    69 |     5 ||    74
       Rpst.: Long sword |    29 |     1 ||    30
